| TOP OF THE 1ST |
|
Fresno State University Bulldogs batting - Pitching for University of South Carolina Gamecocks : RHP Milorad Telacevic
|
|
Pitching: RHP Milorad Telacevic
|
|
|
Batting: LHB Moktar Ame
|
0-0: Ball 1-0: Called Strike 1-1: Called Strike 1-2: SINGLE (Line Drive, 6MD, EV 98.1 MPH)
|
|
Batting: RHB Sandy Munoz
|
0-0: Ball 1-0: Called Strike 1-1: Fly out, F7 (Line Drive, 7, EV 103.8 MPH)
|
|
Batting: SHB Carlton Stannard
|
0-0: Ball 1-0: Ball 2-0: Called Strike 2-1: Called Strike 2-2: Strikes out swinging
|
|
Batting: RHB Danilo Baldia
|
0-0: Ground out 4-3 (Groundball, 4M, EV 103.1 MPH)
|
| Top of the 1st over - 0 runs, 1 hit, 0 errors, 1 left on base; Fresno State University 0 - University of South Carolina 0 |
| BOTTOM OF THE 1ST |
|
University of South Carolina Gamecocks batting - Pitching for Fresno State University Bulldogs : RHP David Grant
|
|
Pitching: RHP David Grant
|
|
|
Batting: RHB Justin Kurutz
|
0-0: Ball 1-0: Called Strike 1-1: Foul Ball, location: 2F 1-2: Ball 2-2: Ball 3-2: SINGLE (Groundball, 6MD, EV 110.6 MPH)
|
|
Batting: RHB Brian Passalacqua
|
0-0: Called Strike 0-1: Ball 1-1: Ball 2-1: Called Strike 2-2: Ball 3-2: Foul Ball, location: 2F 3-2: Fly out, F8 (Flyball, 8LS, EV 91.2 MPH)
|
|
Batting: SHB Keith Mihas
|
0-0: Ball 1-0: Ball 2-0: Foul Ball, location: 2F 2-1: Ball 3-1: Foul Ball, location: 2F 3-2: Foul Ball, location: 2F 3-2: Foul Ball, location: 2F 3-2: Base on Balls Justin Kurutz to second
|
|
Batting: LHB Chris McNay
|
0-0: Ball 1-0: Ball 2-0: SINGLE (Line Drive, 78S, EV 103.8 MPH) Justin Kurutz to third Keith Mihas to second Runner from 3rd tries for Home, SAFE, throw by LF to home
|
|
Batting: RHB Lance Neldon
|
0-0: Called Strike 0-1: Ball 1-1: Ball 2-1: SINGLE (Groundball, 4MD, EV 101.2 MPH) Keith Mihas to third Chris McNay to second
|
|
Batting: LHB Bert Webster
|
0-0: Called Strike 0-1: Ball 1-1: Ball 2-1: Foul Ball, location: 2F 2-2: Foul Ball, location: 2F 2-2: Fly out, F9 (Flyball, 89M, EV 91.2 MPH)
|
|
Batting: RHB Steve Gibson
|
0-0: Fielders Choice at 2nd, 6-4 (Groundball, 6, EV 87.5 MPH)
|
| Bottom of the 1st over - 1 run, 3 hits, 0 errors, 3 left on base; Fresno State University 0 - University of South Carolina 1 |
| TOP OF THE 2ND |
|
Fresno State University Bulldogs batting - Pitching for University of South Carolina Gamecocks : RHP Milorad Telacevic
|
|
Batting: LHB Ollie Strauss
|
0-0: Called Strike 0-1: Swinging Strike 0-2: SINGLE (Flyball, 78S, EV 90.6 MPH)
|
|
Batting: RHB Tony Nowak
|
0-0: Ball 1-0: Foul Ball, location: 2F 1-1: Swinging Strike 1-2: DOUBLE (Line Drive, 3D, EV 95.6 MPH) Ollie Strauss to third
|
|
Batting: RHB Ryan Roberts
|
0-0: Ball 1-0: Foul Ball, location: 2F 1-1: DOUBLE (Flyball, 78D, EV 98.1 MPH) Ollie Strauss scores Tony Nowak scores
|
|
Batting: RHB Sinfronio Carreon
|
0-0: Called Strike 0-1: Foul Ball, location: 2F 0-2: Ground out 5-3 (Groundball, 56, EV 100.0 MPH)
|
|
Batting: RHB Greg Meyer
|
0-0: Ground out 4-3 (Groundball, 4M, EV 105.6 MPH) Ryan Roberts to third
|
|
Batting: LHB Moktar Ame
|
0-0: Called Strike 0-1: Foul Ball, location: 2F 0-2: Ball 1-2: Foul Ball, location: 2F 1-2: DOUBLE (Line Drive, 7LD, EV 104.4 MPH) Ryan Roberts scores
|
|
Batting: RHB Sandy Munoz
|
0-0: Foul Ball, location: 2F 0-1: Ground out 6-3 (Groundball, 56, EV 90.6 MPH)
|
| Top of the 2nd over - 3 runs, 4 hits, 0 errors, 1 left on base; Fresno State University 3 - University of South Carolina 1 |
| BOTTOM OF THE 2ND |
|
University of South Carolina Gamecocks batting - Pitching for Fresno State University Bulldogs : RHP David Grant
|
|
Batting: RHB Danny Narvaez
|
0-0: Called Strike 0-1: Foul Ball, location: 2F 0-2: Foul Ball, location: 2F 0-2: Ball 1-2: Ball 2-2: Strikes out swinging
|
|
Batting: RHB Abel Wensink
|
0-0: Bunt missed! 0-1: Ball 1-1: Ball 2-1: Called Strike 2-2: SINGLE (Line Drive, 7LS, EV 91.9 MPH)
|
|
Batting: RHB Justin Kurutz
|
0-0: Called Strike 0-1: Ball 1-1: Swinging Strike 1-2: Strikes out looking
|
|
Batting: RHB Brian Passalacqua
|
0-0: Ball 1-0: SINGLE (Flyball, 6MD, EV 91.2 MPH) Abel Wensink to second Runner from 2nd tries for 3rd, SAFE, throw by CF made to third
|
|
Batting: SHB Keith Mihas
|
0-0: Foul Ball, location: 2F 0-1: Foul Ball, location: 2F 0-2: Foul Ball, location: 2F 0-2: Foul Ball, location: 2F 0-2: Ball 1-2: Ground out U3 (Groundball, 3L, EV 86.9 MPH)
|
| Bottom of the 2nd over - 0 runs, 2 hits, 0 errors, 2 left on base; Fresno State University 3 - University of South Carolina 1 |
| TOP OF THE 3RD |
|
Fresno State University Bulldogs batting - Pitching for University of South Carolina Gamecocks : RHP Milorad Telacevic
|
|
Batting: SHB Carlton Stannard
|
0-0: Called Strike 0-1: Foul Ball, location: 2F 0-2: Strikes out looking
|
|
Batting: RHB Danilo Baldia
|
0-0: Called Strike 0-1: Ball 1-1: Ball 2-1: Called Strike 2-2: Fly out, F7 (Flyball, 78M, EV 71.9 MPH)
|
|
Batting: LHB Ollie Strauss
|
0-0: Ball 1-0: Called Strike 1-1: Foul Ball, location: 2F 1-2: Ground out U3 (Groundball, 3L, EV 87.5 MPH)
|
| Top of the 3rd over - 0 runs, 0 hits, 0 errors, 0 left on base; Fresno State University 3 - University of South Carolina 1 |
| BOTTOM OF THE 3RD |
|
University of South Carolina Gamecocks batting - Pitching for Fresno State University Bulldogs : RHP David Grant
|
|
Batting: LHB Chris McNay
|
0-0: Ball 1-0: Called Strike 1-1: Ball 2-1: Ball 3-1: Foul Ball, location: 2F 3-2: Strikes out swinging
|
|
Batting: RHB Lance Neldon
|
0-0: Ball 1-0: Ball 2-0: Called Strike 2-1: Foul Ball, location: 2F 2-2: Strikes out swinging
|
|
Batting: LHB Bert Webster
|
0-0: Called Strike 0-1: Ball 1-1: Ball 2-1: Ground out U3 (Groundball, 3L, EV 84.4 MPH)
|
| Bottom of the 3rd over - 0 runs, 0 hits, 0 errors, 0 left on base; Fresno State University 3 - University of South Carolina 1 |
| TOP OF THE 4TH |
|
Fresno State University Bulldogs batting - Pitching for University of South Carolina Gamecocks : RHP Milorad Telacevic
|
|
Batting: RHB Tony Nowak
|
0-0: Called Strike 0-1: Foul Ball, location: 2F 0-2: Ball 1-2: Ball 2-2: Fly out, F3 (Popup, 3L, EV 77.5 MPH)
|
|
Batting: RHB Ryan Roberts
|
0-0: Ball 1-0: Ball 2-0: Ball 3-0: Called Strike 3-1: Fly out, F9 (Flyball, 9D, EV 106.9 MPH)
|
|
Batting: RHB Sinfronio Carreon
|
0-0: Called Strike 0-1: Ball 1-1: Ball 2-1: Ground out 3-1 (Groundball, 34S, EV 78.1 MPH)
|
| Top of the 4th over - 0 runs, 0 hits, 0 errors, 0 left on base; Fresno State University 3 - University of South Carolina 1 |
| BOTTOM OF THE 4TH |
|
University of South Carolina Gamecocks batting - Pitching for Fresno State University Bulldogs : RHP David Grant
|
|
Batting: RHB Steve Gibson
|
0-0: Swinging Strike 0-1: Swinging Strike 0-2: Ball 1-2: Fly out, F6 (Flyball, 6D, EV 90.0 MPH)
|
|
Batting: RHB Danny Narvaez
|
0-0: Ball 1-0: Called Strike 1-1: Ground out 5-3 (Groundball, 5, EV 86.9 MPH)
|
|
Batting: RHB Abel Wensink
|
0-0: Ball 1-0: Called Strike 1-1: Foul Ball, location: 2F 1-2: Ground out 4-3 (Groundball, 4, EV 98.1 MPH)
|
| Bottom of the 4th over - 0 runs, 0 hits, 0 errors, 0 left on base; Fresno State University 3 - University of South Carolina 1 |
| TOP OF THE 5TH |
|
Fresno State University Bulldogs batting - Pitching for University of South Carolina Gamecocks : RHP Milorad Telacevic
|
|
Batting: RHB Greg Meyer
|
0-0: Ball 1-0: Ball 2-0: Called Strike 2-1: Foul Ball, location: 2F 2-2: Ground out 4-3 (Groundball, 4, EV 90.6 MPH)
|
|
Batting: LHB Moktar Ame
|
0-0: Ball 1-0: Ground out 4-3 (Groundball, 4M, EV 110.0 MPH)
|
|
Batting: RHB Sandy Munoz
|
0-0: Ball 1-0: Swinging Strike 1-1: Ball 2-1: Ball 3-1: SINGLE (Line Drive, 89S, EV 91.2 MPH)
|
|
Batting: SHB Carlton Stannard
|
0-0: Ball 1-0: Ball 2-0: Foul Ball, location: 2F 2-1: Called Strike 2-2: 2-RUN HOME RUN (Line Drive, 9LD, EV 90.6 MPH), Distance : 338 ft
|
|
Batting: RHB Danilo Baldia
|
0-0: Ball 1-0: Ball 2-0: Ground out 3-1 (Groundball, 34, EV 87.5 MPH)
|
| Top of the 5th over - 2 runs, 2 hits, 0 errors, 0 left on base; Fresno State University 5 - University of South Carolina 1 |
| BOTTOM OF THE 5TH |
|
University of South Carolina Gamecocks batting - Pitching for Fresno State University Bulldogs : RHP David Grant
|
|
Batting: RHB Justin Kurutz
|
0-0: Ball 1-0: Fly out, F7 (Flyball, 7S, EV 86.9 MPH)
|
|
Pitching: RHP Brian Travaglio
|
|
|
Batting: RHB Brian Passalacqua
|
0-0: Called Strike 0-1: Foul Ball, location: 2F 0-2: Ball 1-2: Ball 2-2: Foul Ball, location: 2F 2-2: Ball 3-2: Strikes out swinging
|
|
Batting: SHB Keith Mihas
|
0-0: Foul Ball, location: 2F 0-1: Swinging Strike 0-2: Strikes out looking
|
| Bottom of the 5th over - 0 runs, 0 hits, 0 errors, 0 left on base; Fresno State University 5 - University of South Carolina 1 |
| TOP OF THE 6TH |
|
Fresno State University Bulldogs batting - Pitching for University of South Carolina Gamecocks : RHP Milorad Telacevic
|
|
Batting: LHB Ollie Strauss
|
0-0: Swinging Strike 0-1: Ball 1-1: Ball 2-1: Foul Ball, location: 2F 2-2: Strikes out swinging
|
|
Pitching: RHP Trent Lipinski
|
|
|
Batting: RHB Tony Nowak
|
0-0: Ball 1-0: Called Strike 1-1: Ball 2-1: Foul Ball, location: 2F 2-2: Foul Ball, location: 2F 2-2: Ball 3-2: Foul Ball, location: 2F 3-2: Strikes out swinging
|
|
Batting: RHB Ryan Roberts
|
0-0: Ball 1-0: SINGLE (Line Drive, 8RS, EV 97.5 MPH)
|
|
Batting: RHB Sinfronio Carreon
|
0-0: Ball 1-0: Ground out 6-3 (Groundball, 6M, EV 87.5 MPH)
|
| Top of the 6th over - 0 runs, 1 hit, 0 errors, 1 left on base; Fresno State University 5 - University of South Carolina 1 |
| BOTTOM OF THE 6TH |
|
University of South Carolina Gamecocks batting - Pitching for Fresno State University Bulldogs : RHP Brian Travaglio
|
|
Batting: LHB Chris McNay
|
0-0: Swinging Strike 0-1: Ground out 4-3 (Groundball, 4M, EV 97.5 MPH)
|
|
Batting: RHB Lance Neldon
|
0-0: Called Strike 0-1: Ball 1-1: Foul Ball, location: 2F 1-2: Strikes out swinging
|
|
Batting: LHB Bert Webster
|
0-0: Ball 1-0: DOUBLE (Line Drive, 78D, EV 108.8 MPH)
|
|
Batting: RHB Steve Gibson
|
0-0: Called Strike 0-1: DOUBLE (Flyball, 78D, EV 108.8 MPH) Bert Webster scores
|
|
Batting: RHB Danny Narvaez
|
0-0: Ground out 6-3 (Groundball, 6, EV 105.0 MPH)
|
| Bottom of the 6th over - 1 run, 2 hits, 0 errors, 1 left on base; Fresno State University 5 - University of South Carolina 2 |
| TOP OF THE 7TH |
|
Fresno State University Bulldogs batting - Pitching for University of South Carolina Gamecocks : RHP Trent Lipinski
|
|
Batting: RHB Greg Meyer
|
0-0: Ball 1-0: Ball 2-0: Foul Ball, location: 2F 2-1: Foul Ball, location: 2F 2-2: Ball 3-2: Ground out 4-3 (Groundball, 4, EV 83.8 MPH)
|
|
Batting: LHB Moktar Ame
|
0-0: Ground out 5-3 (Groundball, 56, EV 83.8 MPH)
|
|
Batting: RHB Sandy Munoz
|
0-0: Ball 1-0: Called Strike 1-1: Ball 2-1: SINGLE (Groundball, 6MD, EV 105.6 MPH)
|
|
Batting: SHB Carlton Stannard
|
0-0: Swinging Strike 0-1: Ball 1-1: Fly out, F8 (Flyball, 8LS, EV 86.9 MPH)
|
| Top of the 7th over - 0 runs, 1 hit, 0 errors, 1 left on base; Fresno State University 5 - University of South Carolina 2 |
| BOTTOM OF THE 7TH |
|
University of South Carolina Gamecocks batting - Pitching for Fresno State University Bulldogs : RHP Brian Travaglio
|
|
Pitching: RHP Alex Gutierrez
|
|
|
Batting: RHB Abel Wensink
|
0-0: Fly out, F8 (Flyball, 8RS, EV 81.2 MPH)
|
|
Batting: RHB Justin Kurutz
|
0-0: Fly out, F8 (Flyball, 8RD, EV 100.6 MPH)
|
|
Batting: RHB Brian Passalacqua
|
0-0: Called Strike 0-1: Foul Ball, location: 2F 0-2: Ground out 6-3 (Groundball, 6, EV 104.4 MPH)
|
| Bottom of the 7th over - 0 runs, 0 hits, 0 errors, 0 left on base; Fresno State University 5 - University of South Carolina 2 |
| TOP OF THE 8TH |
|
Fresno State University Bulldogs batting - Pitching for University of South Carolina Gamecocks : RHP Trent Lipinski
|
|
Pitching: RHP Scott Arthur
|
|
|
Batting: RHB Danilo Baldia
|
0-0: Called Strike 0-1: Swinging Strike 0-2: Ball 1-2: Strikes out swinging
|
|
Batting: LHB Ollie Strauss
|
0-0: Foul Ball, location: 2F 0-1: Ground out 4-3 (Groundball, 4, EV 85.6 MPH)
|
|
Batting: RHB Tony Nowak
|
0-0: Ball 1-0: Ground out 5-3 (Groundball, 56, EV 103.1 MPH)
|
| Top of the 8th over - 0 runs, 0 hits, 0 errors, 0 left on base; Fresno State University 5 - University of South Carolina 2 |
| BOTTOM OF THE 8TH |
|
University of South Carolina Gamecocks batting - Pitching for Fresno State University Bulldogs : RHP Alex Gutierrez
|
|
Pitching: RHP Mike Curtis
|
|
|
Batting: SHB Keith Mihas
|
0-0: Called Strike 0-1: Foul Ball, location: 2F 0-2: Ball 1-2: Ball 2-2: Foul Ball, location: 2F 2-2: Fly out, F9 (Flyball, 89M, EV 93.8 MPH)
|
|
Pitching: LHP Denis van de Kolk
|
|
|
Batting: LHB Chris McNay
|
0-0: Called Strike 0-1: Ground out 6-3 (Groundball, 56D, EV 83.1 MPH)
|
|
Pitching: RHP Brent Liss
|
|
|
Batting: RHB Lance Neldon
|
0-0: Called Strike 0-1: Called Strike 0-2: Ball 1-2: Foul Ball, location: 2F 1-2: Ball 2-2: Foul Ball, location: 2F 2-2: Fly out, F9 (Flyball, 9LS, EV 75.0 MPH)
|
| Bottom of the 8th over - 0 runs, 0 hits, 0 errors, 0 left on base; Fresno State University 5 - University of South Carolina 2 |
| TOP OF THE 9TH |
|
Fresno State University Bulldogs batting - Pitching for University of South Carolina Gamecocks : RHP Scott Arthur
|
|
Batting: RHB Ryan Roberts
|
0-0: Called Strike 0-1: Called Strike 0-2: Ball 1-2: Ground out 6-3 (Groundball, 6, EV 107.5 MPH)
|
|
Batting: RHB Sinfronio Carreon
|
0-0: Ground out 6-3 (Groundball, 6M, EV 106.2 MPH)
|
|
Batting: RHB Greg Meyer
|
0-0: Called Strike 0-1: Foul Ball, location: 2F 0-2: Strikes out swinging
|
| Top of the 9th over - 0 runs, 0 hits, 0 errors, 0 left on base; Fresno State University 5 - University of South Carolina 2 |
| BOTTOM OF THE 9TH |
|
University of South Carolina Gamecocks batting - Pitching for Fresno State University Bulldogs : RHP Brent Liss
|
|
Pitching: RHP Milojica Mrdja
|
|
|
Batting: LHB Bert Webster
|
0-0: Ball 1-0: Ball 2-0: Ball 3-0: Called Strike 3-1: Base on Balls
|
|
Pinch Hitting: LHB David Fowler
|
0-0: Foul Ball, location: 2F 0-1: Ball 1-1: Ball 2-1: Foul Ball, location: 2F 2-2: Foul Ball, location: 2F 2-2: Ground out U3 (Groundball, 3S, EV 68.8 MPH) Bert Webster to second
|
|
Pinch Hitting: LHB Jörg Young
|
0-0: Foul Ball, location: 2F 0-1: Ball 1-1: Foul Ball, location: 2F 1-2: Ball 2-2: Foul Ball, location: 2F 2-2: Foul Ball, location: 2F 2-2: Ball 3-2: Base on Balls
|
|
Pinch Hitting: RHB Phil Hanley
|
0-0: Ball 1-0: Foul Ball, location: 2F 1-1: Called Strike 1-2: Ball 2-2: Ball 3-2: Base on Balls Bert Webster to third Jörg Young to second
|
|
Pitching: RHP Antonio Levario
|
|
|
Batting: RHB Justin Kurutz
|
0-0: Foul Ball, location: 2F 0-1: Fly out, F6 (Popup, 6MS, EV 58.1 MPH)
|
|
Batting: RHB Brian Passalacqua
|
0-0: Foul Ball, location: 2F 0-1: Foul Ball, location: 2F 0-2: Strikes out looking
|
| Bottom of the 9th over - 0 runs, 0 hits, 0 errors, 3 left on base; Fresno State University 5 - University of South Carolina 2 |
|